 Dungeon Crawl Stone Soup version 0.27.1-34-g3ba077fa99 (webtiles) character file.

Game seed: 8791336053331135613

702 sankara the Ruffian (level 7, -3/52 HPs)
             Began as a Minotaur Transmuter on Jan 18, 2022.
             Was a Follower of Okawaru.
             Slain by a kobold brigand (5 damage)
             ... on level 5 of the Dungeon.
             The game lasted 00:14:13 (7685 turns).

sankara the Ruffian (Minotaur Transmuter)           Turns: 7685, Time: 00:14:13

Health: -3/52      AC: 16    Str: 14 (15) XL:     7   Next: 38%
Magic:  7/8        EV:  4    Int:  7 (10) God:    Okawaru [*.....]
Gold:   205        SH:  0    Dex: 11 (12) Spells: 3/9 levels left

rFire    + . .     SeeInvis .     - Unarmed
rCold    . . .     Faith    .   (no shield)
rNeg     . . .     Spirit   .   w - +2 plate armour {rF+}
rPois    .         Reflect  .   (helmet restricted)
rElec    .         Harm     .   q - +1 cloak
rCorr    .         Rampage  .   (no gloves)
Will     .....                  (no boots)
Stlth    ..........             (no amulet)
HPRegen  0.17/turn              (no ring)
MPRegen  0.11/turn              (no ring)

@: no status effects
A: horns 2, retaliatory headbutt
a: Renounce Religion, Heroism


You were on level 5 of the Dungeon.
You worshipped Okawaru.
Okawaru was aware of your devotion.
You visited 2 branches of the dungeon, and saw 6 of its levels.

You collected 205 gold pieces.

Inventory:

Hand Weapons
 h - a +0 hunting sling
Missiles
 a - 4 javelins
 d - 112 stones
 r - 50 sling bullets
 s - 2 throwing nets
 x - 16 poisoned darts (quivered)
Armour
 k - a +0 leather armour
 q - a +1 cloak (worn)
 w - a +2 plate armour of fire resistance (worn)
Wands
 v - a wand of digging (5)
Scrolls
 n - a scroll of amnesia
Potions
 e - a potion of curing
 g - a potion of berserk rage
 i - a potion of cancellation
 l - a potion of degeneration
 m - a potion of brilliance {unknown}


   Skills:
 - Level 1.2 Fighting
 + Level 4.6 Armour
 - Level 2.1 Dodging
 * Level 7.6 Unarmed Combat
 - Level 1.5 Spellcasting
 - Level 3.0 Transmutations


You had 3 spell levels left.
You knew the following spells:

 Your Spells              Type           Power      Damage    Failure   Level
a - Beastly Appendage     Tmut           8%         N/A       100%        1
b - Wereblood             Tmut           4%         N/A       100%        2
c - Spider Form           Tmut/Pois      1%         N/A       100%        3

Your spell library contained the following spells:

 Spells                   Type           Power      Damage    Failure   Level
 Portal Projectile        Hex/Tloc       0%         N/A       100%        3
 Ice Form                 Ice/Tmut       2%         N/A       100%        4
 Blade Hands              Tmut           2%         N/A       100%        5
 Excruciating Wounds      Necr           0%         N/A       100%        5


Dungeon Overview and Level Annotations

Branches:
Dungeon (5/15)             Temple (1/1) D:4

Altars:
Ashenzari
Cheibriados
Elyvilon
Fedhas
Gozag
Hepliaklqana
Kikubaaqudgha
Makhleb
Nemelex Xobeh
Okawaru
Qazlal
Ru
Sif Muna
Trog
Uskayaw
Wu Jian
Xom
Yredelemnul
Zin
The Shining One

Shops:
D:2 *   D:4 [

Annotations:
D:5 Sigmund


Innate Abilities, Weirdness & Mutations

You have a pair of horns on your head.
You reflexively headbutt those who attack you in melee.


Message History

* * * LOW HITPOINT WARNING * * *
You hit Sigmund but do no damage. Your headbutt misses Sigmund.
Sigmund is moderately wounded.
The kobold hits you but does no damage. x2
The kobold brigand barely misses you. The kobold hits you but does no damage.
Sigmund casts a spell at you.
The magic dart hits you but does no damage.
The kobold hits you but does no damage.
You hit Sigmund.
Sigmund is heavily wounded.
The kobold barely misses you.
The kobold brigand hits you but does no damage.
The kobold hits you but does no damage.
Sigmund casts a spell.
Sigmund flickers and vanishes!
Deactivating autopickup; reactivate with Ctrl-A.
The kobold hits you with a +3 short sword.
* * * LOW HITPOINT WARNING * * *
Unknown command.
The kobold brigand hits you with a +0 club.
* * * LOW HITPOINT WARNING * * *
Something hits you but does no damage.
The kobold brigand hits you but does no damage.
The kobold hits you with a +1 short sword of holy wrath.
* * * LOW HITPOINT WARNING * * *
A kobold comes into view. It is wielding a +0 whip.
Okay, then.
Okay, then.
Okay, then.
It was a potion of degeneration.
There was something very wrong with that liquid.
You feel weakened.
You feel dopey.
You feel clumsy.
You feel yourself speed up.
The kobold demonologist hits you but does no damage.
The kobold hits you with a +0 short sword.
* * * LOW HITPOINT WARNING * * *
The kobold hits you with a +3 short sword.
* * * LOW HITPOINT WARNING * * *
The kobold brigand hits you with a +0 club.
You die...

... #....##...
.....#+#....##††. .
#####K###............ ..
+.......+............ ...
#.....##............
....##......#............
.(.....K....#............
......KKK................
.(...({K@....#+#.........
.......KK......#.........
...............#.........
#..........#..>#.........
.......#+###+###.........
....... #.........
....### ....


You could see a kobold demonologist, a kobold brigand and 6 kobolds.

Vanquished Creatures
  A water moccasin (D:5)
  An ogre (D:5)
  A kobold brigand (D:4)
  2 scorpions
  A jelly (D:5)
  A hound (D:5)
  Crazy Yiuf (D:2)
  Robin (D:2)
  7 gnolls
  6 adders
  An ufetubus (D:5)
  A worm (D:3)
  A dart slug (D:3)
  6 orcs (D:4)
  2 ball pythons
  6 endoplasms
  4 giant cockroaches
  5 hobgoblins
  5 jackals (D:1)
  27 kobolds
  2 quokkas
  6 bats
  4 frilled lizards
  9 goblins
  3 rats
104 creatures vanquished.

Vanquished Creatures (others)
  64 plants
64 creatures vanquished.

Grand Total: 168 creatures vanquished

Notes
Turn   | Place    | Note
-------+----------+-------------------------------------------
     0 | D:1      | sankara the Minotaur Transmuter began the quest for the
                  | Orb.
     0 | D:1      | Reached XP level 1. HP: 16/16 MP: 1/1
   340 | D:1      | Reached XP level 2. HP: 23/23 MP: 1/3
   363 | D:1      | Found a faded altar of an unknown god.
   500 | D:1      | Reached skill level 4 in Unarmed Combat
  1096 | D:1      | Reached XP level 3. HP: 22/28 MP: 2/4
  1210 | D:1      | Learned a level 2 spell: Wereblood
  1218 | D:2      | Reached skill level 1 in Armour
  1497 | D:2      | Reached XP level 4. HP: 35/35 MP: 2/5
  1698 | D:2      | Found Xymy's General Store.
  1872 | D:2      | Found a runed translucent door.
  1873 | D:2      | Noticed Crazy Yiuf
  2083 | D:2      | Noticed Robin
  2101 | D:2      | Killed Robin
  2419 | D:2      | Learned a level 3 spell: Spider Form
  2611 | D:2      | Killed Crazy Yiuf
  2612 | D:2      | Reached skill level 5 in Unarmed Combat
  2787 | D:3      | Reached XP level 5. HP: 39/40 MP: 4/6
  3956 | D:3      | Found a white marble altar of Elyvilon.
  4567 | D:4      | Found a sacrificial altar of Ru.
  4581 | D:4      | Found Nofy's Antique Armour Emporium.
  4629 | D:4      | Found a blossoming altar of Fedhas.
  5549 | D:4      | HP: 2/40 [poisoned by a kobold]
  5864 | D:4      | Reached skill level 6 in Unarmed Combat
  5864 | D:4      | Reached XP level 6. HP: 7/47 MP: 7/7
  6174 | D:4      | Found a sparkling altar of Nemelex Xobeh.
  6284 | D:4      | Found a staircase to the Ecumenical Temple.
  6313 | Temple   | Entered the Ecumenical Temple
  6359 | Temple   | Became a worshipper of Warmaster Okawaru
  7161 | D:5      | Entered Level 5 of the Dungeon
  7223 | D:5      | Noticed a water moccasin
  7239 | D:5      | Killed a water moccasin
  7240 | D:5      | Reached skill level 7 in Unarmed Combat
  7240 | D:5      | Reached XP level 7. HP: 12/52 MP: 8/8
  7404 | D:5      | Reached * piety under Okawaru
  7670 | D:5      | Noticed Sigmund
  7681 | D:5      | Noticed a kobold demonologist
  7685 | D:5      | HP: 2/52 [kobold (2)]
  7685 | D:5      | Slain by a kobold brigand

Illustrated notes

Levels and vault maps discovered:
D:1:      minmay_arrival_stair_chambers, layout_loops_ring,
          shapermc_ecumenical_altar_venn, grunt_decor_fettered
D:2:      layout_loops_ring, serial_shops, nicolae_shop_trees, minivault_27,
          uniq_crazy_yiuf_cottage, uniq_robin
D:3:      layout_rooms, nicolae_elyvilon_temple_path, minivault_4
D:4:      kennysheep_kobold_camp, layout_basic, overflow_temple_1_default,
          mainiacjoe_overflow_large_starburst, minmay_temple_entry_slanted,
          serial_shops, nicolae_square_shop, minmay_quadrilaterals
D:5:      layout_basic, chequers_ossuary_entry_cave, grunt_decor_cap,
          uniq_sigmund
Temple:   nicolae_temple_elliptical

Skill      XL: |  1  2  3  4  5  6 |
---------------+-------------------+-----
Unarmed Combat | 4 5 6 7 |  7.6
Transmutations | 2 3 |  3.0
Armour         | 1 2 3 4 |  4.6
Fighting       | |  1.2
Dodging        | |  2.1
Spellcasting   | |  1.5

Action                   |  1- 3 |  4- 6 |  7- 9 || total
-------------------------+-------+-------+-------++-------
Melee: Unarmed           |    50 |   226 |    22 ||   298
       Kick              |     9 |    21 |       ||    30
       Headbutt          |     7 |    19 |     2 ||    28
Throw: Dart              |       |     2 |     8 ||    10
 Cast: Beastly Appendage |    16 |    22 |       ||    38
       Wereblood         |     1 |     1 |       ||     2
       Spider Form       |       |     2 |       ||     2
Invok: Heroism           |       |       |     1 ||     1
  Use: Potion            |       |     2 |     1 ||     3
       Scroll            |       |       |     9 ||     9
 Stab: Sleeping          |     2 |       |       ||     2
Armor: Robe              |     5 |       |       ||     5
       Leather armour    |     3 |    11 |       ||    14
       Plate armour      |       |    82 |    28 ||   110
       Skin              |       |     3 |       ||     3
Dodge: Dodged            |    32 |    76 |    13 ||   121
